 Dungeon Crawl Stone Soup version 0.31.0-1-g2c135a0 (webtiles) character file.

Game seed: 2999402013183884287

8240 Lock the Fighter (level 11, 0/156 HPs)
             Began as a Minotaur Berserker on Apr 6, 2024.
             Was a High Priest of Trog.
             Succumbed to Maurice's poison
             ... on level 10 of the Dungeon on Apr 9, 2024.
             The game lasted 00:41:50 (7890 turns).

Lock the Fighter (Minotaur Berserker)               Turns: 7890, Time: 00:41:50

Health: 0/156      AC: 22    Str: 31    XL:     11   Next: 7%
Magic:  5/10       EV: 16    Int:  4    God:    Trog [*****.]
Gold:   608        SH:  4    Dex: 11    Spells: 10/10 levels left

rFire   . . .        c - +0 war axe
rCold   . . .        x - +0 buckler
rNeg    . . .        l - +0 plate armour
rPois   .            t - +2 hat
rElec   .            (no cloak)
rCorr   .            h - +2 pair of gloves
SInv    .            w - +1 pair of boots {Stlth+}
Will    .....        g - amulet of regeneration Stlth
                     f - +6 ring of strength
HPRegen 1.26/turn    q - +5 ring of evasion
MPRegen 0.12/turn

%: no passive effects
@: berserking (expiring), lethally poisoned (0 -> -3), studying Fighting, very
quick
A: horns 2, retaliatory headbutt
a: Renounce Religion, Berserk, Trog's Hand, Brothers in Arms


You were on level 10 of the Dungeon.
You worshipped Trog.
Trog was extremely pleased with you.
You visited 1 branch of the dungeon, and saw 10 of its levels.

You collected 608 gold pieces.

Inventory:

Hand Weapons
 c - a +0 war axe (weapon)
 o - a +4 dagger
Missiles
 e - 131 stones (quivered)
 m - 16 boomerangs
Armour
 b - a +2 cloak of poison resistance
 h - a +2 pair of gloves (worn)
 l - a +0 plate armour (worn)
 n - a +1 scale mail of fire resistance
 t - a +2 hat (worn)
 w - a +1 pair of boots of stealth (worn)
 x - a +0 buckler (worn)
Jewellery
 f - a +6 ring of strength (left hand)
 g - an amulet of regeneration (around neck)
 q - a +5 ring of evasion (right hand)
 v - an amulet of guardian spirit
 A - a ring of protection from fire
Wands
 r - a wand of flame (20)
 D - a wand of mindburst (11)
Scrolls
 a - a scroll of immolation
 i - 3 scrolls of identify
 u - 2 scrolls of teleportation
 y - a scroll of revelation
 C - 2 scrolls of noise
 E - a scroll of poison {unknown}
Potions
 d - 2 potions of cancellation
 j - a potion of resistance
 k - 2 potions of attraction
 p - a potion of mutation
 s - 2 potions of heal wounds
 z - a potion of haste
 B - a potion of ambrosia {unknown}
 F - a potion of lignification
Miscellaneous
 G - a phial of floods


   Skills:
 + Level 11.8 Fighting
 + Level 11.0 Axes
 + Level 10.6 Armour
 - Level 8.7 Dodging
 + Level 4.2 Shields


You had 10 spell levels left.
You didn't know any spells.
Your spell library was empty.

Dungeon Overview and Level Annotations

Branches:
Dungeon (10/15)            Temple (0/1) D:7            Lair (0/5) D:10
    Orc: D:9-12

Altars:
Dithmenos
Makhleb

Shops:
D:8 =

Annotations:
D:8 3 runed translucent doors, Estrea's ghost, novice DrSh


Innate Abilities, Weirdness & Mutations

You have a pair of horns on your head.
You reflexively headbutt those who attack you in melee.


Message History

Your mind is blasted!
* * * LOW HITPOINT WARNING * * *
You miss something. You headbutt something.
You feel very sick. Something hits you but does no damage.
You are more poisoned.
Something bites you but does no damage. Something blocks your attack.
Your headbutt misses something.
You feel very sick.
You miss something. Your headbutt misses something.
You feel very sick. Something hits you but does no damage.
You are more poisoned.
Something bites you but does no damage. Something blocks your attack.
You feel very sick. Something completely misses you. x2
You slash something! Your headbutt misses something.
You feel very sick.
You slash something!
You feel very sick.
You hear a zap.
Your mind is blasted!
* * * LOW HITPOINT WARNING * * *
You slice something!! Trog accepts your kill.
Trog appreciates your killing of a magic user.
Reactivating autopickup.
You feel a bit more experienced.
* * * LOW HITPOINT WARNING * * *
You feel very sick.
Your Axes skill increases to level 11!
* * * LOW HITPOINT WARNING * * *
You feel sick.
Items here: " $ ( )) / [ }.
e - 131 stones (gained 102);
b - a +2 cloak of poison resistance
D - a wand of mindburst (11);
G - a phial of floods You now have 608 gold pieces (gained 7).
You feel a strong urge to attack something.
You die...

..............##
.....###.......##
#....<#.......#
#########.........#
#....######.......#
#......####.......###+###
#####....................
####.........†.......
##.##....>@.....>..
#..##........>.....
##.###.#............ #..#
#####.####.###. #.##
#...# #.. ### .###.# ...
.. .# .. #.. # #..


There were no monsters in sight!

Vanquished Creatures
  Pikel (D:5)
  Maurice (D:10)
  A hornet (D:8)
  2 trolls
  Grinder (D:4)
  2 wyverns
  9 yaks
  A steam dragon (D:9)
  7 humans (D:7)
  Menkaure (D:5)
  2 water moccasins
  2 orc warriors
  5 black bears
  A sky beast (D:7)
  2 ogres (D:5)
  2 centaurs
  4 phantoms
  A bullfrog (D:8)
  3 kobold brigands
  7 scorpions
  A wight (D:9)
  5 killer bees (D:8)
  3 howler monkeys
  2 lava snakes (D:8)
  7 hounds
  2 jellies
  3 orc priests
  A bombardier beetle (D:5)
  A gnoll bouda (D:8)
  3 sleepcaps
  3 iguanas
  7 orc wizards
  9 gnolls
  A river rat (D:3)
  12 adders
  3 white imps
  5 ribbon worms (D:3)
  2 dart slugs
  42 orcs
  7 endoplasms
  2 giant cockroaches
  3 goblins
  3 hobgoblins
  10 jackals
  19 kobolds
  4 quokkas
  4 ball pythons
  7 bats
  2 frilled lizards (D:3)
  5 rats
233 creatures vanquished.

Vanquished Creatures (others)
  A water moccasin (D:9)
1 creature vanquished.

Grand Total: 234 creatures vanquished

Notes
Turn   | Place    | Note
-------+----------+-------------------------------------------
     0 | D:1      | Lock the Minotaur Berserker began the quest for the Orb.
     0 | D:1      | Reached XP level 1. HP: 19/19 MP: 0/0
   293 | D:1      | You fall into a shaft and drop 1 floor!
   373 | D:2      | Reached XP level 2. HP: 27/27 MP: 1/1
   417 | D:2      | Reached XP level 3. HP: 33/33 MP: 2/2
   779 | D:2      | Found a faded altar of an unknown god.
  1036 | D:1      | Reached ** piety under Trog
  1522 | D:3      | Reached XP level 4. HP: 40/41 MP: 3/3
  2209 | D:3      | Reached XP level 5. HP: 47/47 MP: 4/4
  2212 | D:3      | Identified the +3 whip of Anxiety {heavy, ^Fragile rF++
                  | Int+4}
  2560 | D:4      | Reached skill level 5 in Fighting
  2560 | D:4      | Reached skill level 5 in Axes
  2671 | D:4      | Noticed a black bear
  2678 | D:4      | Killed a black bear
  2679 | D:4      | Reached XP level 6. HP: 56/56 MP: 5/5
  2812 | D:4      | Noticed Grinder
  2866 | D:4      | Reached skill level 5 in Armour
  2866 | D:4      | Reached XP level 7. HP: 57/62 MP: 6/6
  2873 | D:4      | Killed Grinder
  2874 | D:4      | Reached skill level 5 in Dodging
  3216 | D:5      | Entered Level 5 of the Dungeon
  3298 | D:5      | Reached XP level 8. HP: 70/71 MP: 7/7
  3307 | D:5      | Reached *** piety under Trog
  3339 | D:5      | Noticed Pikel
  3351 | D:5      | Killed Pikel
  3457 | D:5      | Noticed Menkaure
  3492 | D:5      | Killed Menkaure
  4078 | D:5      | Found a shadowy altar of Dithmenos.
  4083 | D:5      | Reached XP level 9. HP: 81/81 MP: 8/8
  4083 | D:5      | Identified a scroll of acquirement
  4083 | D:5      | Acquired the +4 kite shield "Ykoolluhi" {+Blink +Inv Int-5
                  | Dex+2}
  4095 | D:5      | Lost intelligence.
  4692 | D:6      | Found a burning altar of Makhleb.
  4957 | D:7      | Found a staircase to the Ecumenical Temple.
  5507 | D:7      | Reached **** piety under Trog
  5514 | D:7      | Reached XP level 10. HP: 84/91 MP: 9/9
  5569 | D:7      | Reached skill level 10 in Fighting
  5569 | D:7      | Reached skill level 10 in Axes
  5952 | D:7      | Acquired a manual of Fighting
  6399 | D:8      | Found a runed translucent gate.
  6486 | D:8      | Reached skill level 1 in Shields
  6560 | D:8      | Found Fudde's Jewellery Shoppe.
  6778 | D:8      | Reached skill level 10 in Armour
  6797 | D:8      | Noticed Estrea's ghost (novice DrSh)
  6828 | D:8      | Found a runed translucent gate.
  6828 | D:8      | Found a runed translucent gate.
  7011 | D:8      | Reached ***** piety under Trog
  7804 | D:10     | Entered Level 10 of the Dungeon
  7842 | D:10     | Found a staircase to the Lair.
  7842 | D:10     | Noticed Maurice
  7869 | D:10     | Reached XP level 11. HP: 91/103 MP: 5/10
  7870 | D:10     | Something stole a +0 battleaxe
  7871 | D:10     | Something stole an amulet of reflection
  7878 | D:10     | Something stole a phial of floods
  7880 | D:10     | Something stole 131 stones
  7887 | D:10     | HP: 5/154 [disintegration (17)]
  7888 | D:10     | Killed Maurice
  7889 | D:10     | HP: 1/156 [poisoned by Maurice]
  7890 | D:10     | Succumbed to Maurice's poison

Illustrated notes

Levels and vault maps discovered:
D:1:      sevenhm_arrival_forest_fort_small_6, layout_loops_ring
D:2:      layout_basic, basic_ecumenical_altar
D:3:      layout_loops_ring, lightli_sewer_entry_pipes, roderic_roman_lattice,
          chequers_serial_rivers_micro_d, supply_closet_lemuel, hellmonk_no_cap
D:4:      kennysheep_six_static_rooms, layout_rooms, minmay_misc_feat_cross,
          kennysheep_generic_room_10, uniq_grinder
D:5:      layout_loops_ring, grunt_dithmenos_shadows, uniq_pikel, uniq_menkaure
D:6:      layout_rooms, mainiacjoe_overflow_cross_hatched
D:7:      erik_cavepeople, layout_cave_pods, temple_statues,
          serial_column_ruins, column_ruins_hut_pillars, column_ruins_hut,
          column_ruins_grid_2, column_ruins_columns_straight,
          column_ruins_corridor_corner, patterned_corridor
D:8:      layout_loops_ring, special_room [special_room_orc],
          gammafunk_ghost_icy, kennysheep_diamond, kennysheep_generic_room_13
D:9:      layout_basic, kennysheep_generic_room_14
D:10:     nicolae_cairo_tiling, layout_rooms, nicolae_tso_swordbearing_angel,
          lair_entry_dummy, minmay_orc_entry_temple_small, serial_corexii_hall,
          corexii_hall_statues_l, corexii_hall_statues_s,
          nicolae_take_the_stairs, uniq_maurice

Skill      XL: |  1  2  3  4  5  6  7  8  9 10 11 |
---------------+----------------------------------+-----
Axes           | 4 5 6 8 9 10 11 | 11.0
Fighting       | 4 5 6 8 9 11 | 11.8
Armour         | 3 4 5 6 7 9 10 | 10.6
Dodging        | 3 4 5 6 8 |  8.7
Shields        | 4 |  4.2

Action                     |  1- 3 |  4- 6 |  7- 9 | 10-12 || total
---------------------------+-------+-------+-------+-------++-------
  Melee: Hand axe          |    61 |       |       |       ||    61
         Headbutt          |    12 |    14 |    34 |    53 ||   113
         Punch             |     1 |     1 |       |       ||     2
         War axe           |     7 |    82 |   185 |   245 ||   519
 Invoke: Trog's Hand       |       |     3 |     2 |     2 ||     7
         Berserk           |       |     1 |       |     1 ||     2
    Use: Scroll            |     5 |       |    10 |     4 ||    19
         Potion            |     5 |       |     4 |     1 ||    10
 Armour: Animal skin       |     6 |       |       |       ||     6
         Leather armour    |    19 |       |       |       ||    19
         Chain mail        |    17 |     7 |       |       ||    24
         Scale mail        |       |    45 |   102 |       ||   147
         Plate armour      |       |       |     5 |   197 ||   202
  Dodge: Dodged            |    40 |    85 |   125 |   194 ||   444
  Block: Buckler           |       |       |    25 |    59 ||    84
         Reflection        |       |       |     1 |       ||     1
